Nordiques vs Golden Knights
Created - December 21, 2019 at 19:03
Goals
|
Nordiques |
1 |
3 |
1 |
5 |
Golden Knights |
0 |
2 |
0 |
2 |
|
Shots
|
Nordiques |
4 |
19 |
13 |
36 |
Golden Knights |
6 |
13 |
5 |
24 |
|
1st period
1. Nordiques , Evander Kane 19 (Ryan Ellis 27, Maxim Talbot 17) at 16:54
Penalties :
Scottie Upshall (Vgs) for Holding (Minor) at 1:11, Ilya Kovalchuk (Vgs) for Hooking (Minor) at 7:44, Evander Kane (Que) for Goalie Interference (Minor) at 10:44, Chris Higgins (Vgs) for Interference (Minor) at 13:20
2nd period
2. Golden Knights , Michael Kostka 1 (Zack Kassian 9) at 3:01 (PP)
3. Nordiques , R.J. Umberger 10 (Jiri Hudler 6, Trevor Daley 3) at 4:26
4. Golden Knights , Mathew Dumba 1 (Chris Higgins 8, Michael Frolik 14) at 7:26
5. Nordiques , R.J. Umberger 11 (Mike Brown 5, Fedor Tyutin 7) at 9:01
6. Nordiques , Jiri Hudler 6 (Ryan Ellis 28, R.J. Umberger 10) at 14:47
Penalties :
Evander Kane (Que) for Holding (Minor) at 1:03, Zack Kassian (Vgs) for Holding (Minor) at 17:14, Chris Higgins (Vgs) for Hooking (Minor) at 19:23
3rd period
7. Nordiques , Adam Pineault 5 (Jay Bouwmeester 10) at 6:07
Penalties :
Maxim Talbot (Que) for Hooking (Minor) at 16:52
Goalie Stats
Jonathan Quick (Que), 22 saves from 24 shots - (0.917), W, 8-6-2, 60:00 minutes
Matt Hackett (Vgs), 16 saves from 17 shots - (0.941), 25:13 minutes
Robin Lehner (Vgs), 15 saves from 19 shots - (0.789), L, 8-10-2, 34:47 minutes
Players Stats for Nordiques
Player Name G A P +/- PIM S H SB GA TA FO MP PP MP PK MP
------------------------------------------------------------------------------------
Adam Pineault 1 0 1 2 0 1 1 0 0 1 2/2 11:08 0:28 0:10
Cody McLeod 0 0 0 1 0 2 0 0 0 0 0/0 8:15 0:00 1:36
David Legwand 0 0 0 0 0 1 1 0 0 0 2/6 6:19 3:16 0:50
Dustin Byfuglien 0 0 0 1 0 0 1 0 0 0 0/0 9:56 0:00 0:00
Evander Kane 1 0 1 1 4 8 0 1 0 0 0/1 22:24 6:07 0:34
Fedor Tyutin 0 1 1 1 0 1 2 0 1 1 0/0 25:32 3:41 3:52
Jay Bouwmeester 0 1 1 2 0 1 3 0 1 0 0/0 24:42 6:14 0:00
Jiri Hudler 1 1 2 2 0 4 2 0 1 0 0/0 17:38 3:48 0:00
Maxim Talbot 0 1 1 1 2 2 7 0 0 0 9/21 20:17 3:48 0:00
Mike Brown 0 1 1 1 0 1 2 1 0 0 3/11 16:50 2:23 0:00
Mike Fisher 0 0 0 0 0 0 3 0 0 1 3/6 10:42 0:00 2:08
Paul Gaustad 0 0 0 1 0 1 2 0 0 1 3/7 9:59 0:00 3:20
R.J. Umberger 2 1 3 2 0 8 4 0 1 0 0/0 20:52 3:48 3:14
Ryan Ellis 0 2 2 2 0 2 1 3 2 1 0/0 31:34 6:14 3:52
T.J. Fast 0 0 0 0 0 0 0 0 0 0 0/0 5:55 0:00 2:04
Trevor Daley 0 1 1 2 0 0 0 2 2 1 0/0 22:11 3:41 2:04
Vladimir Tarasenko 0 0 0 1 0 3 0 0 0 0 3/4 21:34 6:07 0:00
Zac Rinaldo 0 0 0 0 0 1 1 0 0 0 0/0 8:13 0:00 0:00
Players Stats for Golden Knights
Player Name G A P +/- PIM S H SB GA TA FO MP PP MP PK MP
------------------------------------------------------------------------------------
Alex Tanguay 0 0 0 -1 0 1 1 0 0 0 0/0 16:16 2:58 2:19
Andrei Loktionov 0 0 0 -3 0 1 2 1 1 1 11/19 17:09 3:41 0:21
Brandon Bollig 0 0 0 0 0 1 2 0 0 1 0/0 6:56 0:00 0:00
Chris Higgins 0 1 1 0 4 2 1 1 0 0 1/1 13:40 0:04 0:12
Damien Brunner 0 0 0 -1 0 1 2 0 0 1 0/1 10:49 0:12 0:00
Ilya Kovalchuk 0 0 0 -3 2 2 0 4 0 0 6/8 20:49 2:54 5:01
Jakub Kindl 0 0 0 -4 0 0 0 1 1 1 0/0 26:22 2:23 5:28
Jared Cowen 0 0 0 -1 0 1 1 0 0 0 0/0 15:01 0:00 0:00
Mathew Dumba 1 0 1 1 0 1 2 1 0 0 0/0 16:03 0:00 4:27
Michael Frolik 0 1 1 0 0 4 5 0 0 0 1/2 18:49 2:58 2:53
Michael Kostka 1 0 1 -1 0 2 0 0 2 1 0/0 21:26 2:23 3:54
Patrice Cormier 0 0 0 0 0 0 2 2 0 0 8/14 16:12 0:18 2:53
Scottie Upshall 0 0 0 0 2 2 0 0 0 0 0/0 7:16 0:00 0:00
Tim Connolly 0 0 0 -1 0 1 3 0 1 0 4/11 14:39 1:57 1:40
Vincent Lecavalier 0 0 0 0 0 3 0 0 0 0 2/2 6:56 0:00 0:00
Vladimir Mihalik 0 0 0 1 0 0 0 0 0 0 0/0 13:24 3:33 0:00
Zach Bogosian 0 0 0 -4 0 0 0 3 0 3 0/0 27:44 3:33 6:01
Zack Kassian 0 1 1 -3 2 2 3 0 1 0 0/0 20:29 2:46 4:31
3 Stars
1 - R.J. Umberger (Que)
2 - Jiri Hudler (Que)
3 - Ryan Ellis (Que)
Power Play
Nordiques - 0 on 5 Attempt(s) - 0.00%
Golden Knights - 1 on 3 Attempt(s) - 33.33%
Penalty Kill
Nordiques - 2 on 3 Attempt(s) - 66.67%
- Score 0 goal in Penalty Kill
Golden Knights - 5 on 5 Attempt(s) - 100.00%
- Score 0 goal in Penalty Kill
Team Stat
Nordiques - Hits : 30 - Faceoff Wins : 25 - Blocked Shots : 7 - Penalty Minutes : 6
Golden Knights - Hits : 24 - Faceoff Wins : 33 - Blocked Shots : 13 - Penalty Minutes : 10
Official
Referees : Unknown
Linesman : Unknown
Game Notes
David Legwand is injured at 18:36 of 1st period (Sprained Left Finger)
14:47 of 2nd period - Nordiques goal is going for a video replay. After video review, Goal.
Matt Hackett enters game at 14:47 of 2nd period
Finance
Level 1 -- Attendance: 6000 (100.00%) -- Ticket Income $558,000
Level 2 -- Attendance: 5000 (100.00%) -- Ticket Income $295,000
Level 3 -- Attendance: 1970 (98.50%) -- Ticket Income $76,830
Level 4 -- Attendance: 4000 (100.00%) -- Ticket Income $108,000
Luxury Box -- Attendance: 1000 (100.00%) -- Ticket Income $160,000
Game was played at the Duff Garden.
Total Attendance: 17970 (99.83%)
Total Ticket Income: $1,197,830
Other Income: $179,674
Total Income: $1,377,504
Nordiques
5 vs 5 Forward
Center Left Wing Right Wing Time % Phy DF OF
1 Maxim Talbot Evander Kane Vladimir Tarasenko 40 1 2 2
2 David Legwand R.J. Umberger Jiri Hudler 30 1 2 2
3 Mike Fisher Zac Rinaldo Mike Brown 20 1 2 2
4 Paul Gaustad Cody McLeod Adam Pineault 10 1 2 2
5 vs 5 Defense
Defense Defense Time % Phy DF OF
1 Ryan Ellis Jay Bouwmeester 40 1 2 2
2 Trevor Daley Fedor Tyutin 30 1 2 2
3 Dustin Byfuglien Ryan Ellis 20 1 2 2
4 Ryan Ellis Fedor Tyutin 10 1 2 2
PowerPlay Forward
Center Left Wing Right Wing Time % Phy DF OF
1 David Legwand Evander Kane Vladimir Tarasenko 60 1 2 2
2 Maxim Talbot R.J. Umberger Jiri Hudler 40 1 2 2
PowerPlay Defense
Defense Defense Time % Phy DF OF
1 Ryan Ellis Jay Bouwmeester 60 1 2 2
2 Trevor Daley Fedor Tyutin 40 1 2 2
Penalty Kill 4 Players Forward
Center Wing Time % Phy DF OF
1 Paul Gaustad R.J. Umberger 60 1 2 2
2 David Legwand Evander Kane 40 1 2 2
Penalty Kill 4 Players Defense
Defense Defense Time % Phy DF OF
1 Ryan Ellis Fedor Tyutin 60 1 2 2
2 Trevor Daley T.J. Fast 40 1 2 2
Penalty Kill - 3 Players Forward
Forward Time % Phy DF OF
1 Paul Gaustad 60 1 2 2
2 Evander Kane 40 1 2 2
Penalty Kill - 3 Players Defense
Defense Defense Time % Phy DF OF
1 Ryan Ellis Fedor Tyutin 60 1 2 2
2 Trevor Daley T.J. Fast 40 1 2 2
4 vs 4 Forward
Center Wing Time % Phy DF OF
1 Vladimir Tarasenko Evander Kane 60 1 2 2
2 David Legwand R.J. Umberger 40 1 2 2
4 vs 4 Defense
Defense Defense Time % Phy DF OF
1 Ryan Ellis Fedor Tyutin 60 1 2 2
2 Jay Bouwmeester T.J. Fast 40 1 2 2
Last Minutes Offensive
Center Left Wing Right Wing Defense Defense
David Legwand Evander Kane Vladimir Tarasenko Ryan Ellis Fedor Tyutin
Last Minutes Defensive
Center Left Wing Right Wing Defense Defense
David Legwand Evander Kane Vladimir Tarasenko Ryan Ellis Fedor Tyutin
Goaltenders
Starting : Jonathan Quick
Backup : Julien Ellis
Extra Forwards
Normal : Mike Brown, Adam Pineault, Mike Fisher - PP : Mike Brown, Adam Pineault - PK : Mike Fisher
Extra Defensemen
Normal : Dustin Byfuglien, Jay Bouwmeester, Trevor Daley - PP : Dustin Byfuglien - PK : Jay Bouwmeester, Trevor Daley
Penalty Shots
Vladimir Tarasenko, Evander Kane, David Legwand, R.J. Umberger, Jiri Hudler
Scratches
Matt Gilroy (Healthy), James Sheppard (Healthy)
Golden Knights
5 vs 5 Forward
Center Left Wing Right Wing Time % Phy DF OF
1 Andrei Loktionov Ilya Kovalchuk Zack Kassian 30 1 2 2
2 Patrice Cormier Chris Higgins Michael Frolik 30 1 2 2
3 Tim Connolly Alex Tanguay Damien Brunner 25 1 2 2
4 Vincent Lecavalier Brandon Bollig Scottie Upshall 15 1 2 2
5 vs 5 Defense
Defense Defense Time % Phy DF OF
1 Zach Bogosian Jakub Kindl 40 1 2 2
2 Michael Kostka Jared Cowen 30 1 2 2
3 Mathew Dumba Vladimir Mihalik 20 1 2 2
4 Zach Bogosian Jared Cowen 10 1 2 2
PowerPlay Forward
Center Left Wing Right Wing Time % Phy DF OF
1 Andrei Loktionov Ilya Kovalchuk Zack Kassian 50 1 2 2
2 Andrei Loktionov Alex Tanguay Michael Frolik 50 1 2 2
PowerPlay Defense
Defense Defense Time % Phy DF OF
1 Zach Bogosian Vladimir Mihalik 50 1 2 2
2 Michael Kostka Jakub Kindl 50 1 2 2
Penalty Kill 4 Players Forward
Center Wing Time % Phy DF OF
1 Ilya Kovalchuk Zack Kassian 60 1 2 2
2 Patrice Cormier Michael Frolik 40 1 2 2
Penalty Kill 4 Players Defense
Defense Defense Time % Phy DF OF
1 Zach Bogosian Jakub Kindl 60 1 2 2
2 Michael Kostka Mathew Dumba 40 1 2 2
Penalty Kill - 3 Players Forward
Forward Time % Phy DF OF
1 Ilya Kovalchuk 70 1 2 2
2 Zack Kassian 30 1 2 2
Penalty Kill - 3 Players Defense
Defense Defense Time % Phy DF OF
1 Jakub Kindl Michael Kostka 70 1 2 2
2 Jared Cowen Zach Bogosian 30 1 2 2
4 vs 4 Forward
Center Wing Time % Phy DF OF
1 Tim Connolly Michael Frolik 50 1 2 2
2 Vincent Lecavalier Brandon Bollig 50 1 2 2
4 vs 4 Defense
Defense Defense Time % Phy DF OF
1 Zach Bogosian Jakub Kindl 50 1 2 2
2 Michael Kostka Jared Cowen 50 1 2 2
Last Minutes Offensive
Center Left Wing Right Wing Defense Defense
Andrei Loktionov Ilya Kovalchuk Michael Frolik Zach Bogosian Mathew Dumba
Last Minutes Defensive
Center Left Wing Right Wing Defense Defense
Patrice Cormier Chris Higgins Zack Kassian Michael Kostka Jakub Kindl
Goaltenders
Starting : Robin Lehner
Backup : Matt Hackett
Extra Forwards
Normal : Alex Tanguay, Scottie Upshall, Damien Brunner - PP : Alex Tanguay, Michael Frolik - PK : Ilya Kovalchuk
Extra Defensemen
Normal : Mathew Dumba, Vladimir Mihalik, Jakub Kindl - PP : Zach Bogosian - PK : Mathew Dumba, Michael Kostka
Penalty Shots
Ilya Kovalchuk, Michael Frolik, Vincent Lecavalier, Chris Higgins, Scottie Upshall
Scratches
None
% Time on Ice - Nordiques
Lines # - Real PCT - Wanted PCT - Time Play
Normal Forward
1 - 36% - 40% - 15:50
2 - 31% - 30% - 13:50
3 - 19% - 20% - 8:13
4 - 14% - 10% - 6:16
Normal Defense
1 - 40% - 40% - 17:51
2 - 37% - 30% - 16:16
3 - 16% - 20% - 7:11
4 - 6% - 10% - 2:51
PP Forward
1 - 62% - 60% - 6:07
2 - 38% - 40% - 3:48
PP Defense
1 - 63% - 60% - 6:14
2 - 37% - 40% - 3:41
PK Forward
1 - 69% - 60% - 4:06
2 - 31% - 40% - 1:50
PK Defense
1 - 65% - 60% - 3:52
2 - 35% - 40% - 2:04
PK3 Forward
1 - 0% - 60%
2 - 0% - 40%
PK3 Defense
1 - 0% - 60%
2 - 0% - 40%
44 Forward
1 - 0% - 60%
2 - 0% - 40%
44 Defense
1 - 0% - 60%
2 - 0% - 40%
Last Minute Offensive - 0:00
Last Minute Defensive - 0:00
Total
Forward - 60:00
Defense - 60:00
|
% Time on Ice - Golden Knights
Lines # - Real PCT - Wanted PCT - Time Play
Normal Forward
1 - 31% - 30% - 13:38
2 - 30% - 30% - 13:08
3 - 24% - 25% - 10:27
4 - 16% - 15% - 6:56
Normal Defense
1 - 39% - 40% - 17:16
2 - 34% - 30% - 15:09
3 - 24% - 20% - 10:27
4 - 3% - 10% - 1:17
PP Forward
1 - 50% - 50% - 2:58
2 - 50% - 50% - 2:58
PP Defense
1 - 60% - 50% - 3:33
2 - 40% - 50% - 2:23
PK Forward
1 - 71% - 60% - 7:02
2 - 29% - 40% - 2:53
PK Defense
1 - 61% - 60% - 6:01
2 - 39% - 40% - 3:54
PK3 Forward
1 - 0% - 70%
2 - 0% - 30%
PK3 Defense
1 - 0% - 70%
2 - 0% - 30%
44 Forward
1 - 0% - 50%
2 - 0% - 50%
44 Defense
1 - 0% - 50%
2 - 0% - 50%
Last Minute Offensive - 0:00
Last Minute Defensive - 0:00
Total
Forward - 60:00
Defense - 60:00
|
Play-by-Play
1st period
0:01 of 1st period - Andrei Loktionov wins face-off versus Maxim Talbot in neutral zone.
0:08 of 1st period - Jakub Kindl is hit by Maxim Talbot and loses puck.
1:11 of 1st period - Minor Penalty to Scottie Upshall for Holding.
1:12 of 1st period - Ilya Kovalchuk wins face-off versus David Legwand in Golden Knights zone.
1:38 of 1st period - Ryan Ellis is hit by Michael Frolik and loses puck.
3:09 of 1st period - Tim Connolly is hit by Fedor Tyutin.
3:11 of 1st period - Penalty to Scottie Upshall is over, Scottie Upshall is back on ice.
3:53 of 1st period - Michael Kostka is hit by Zac Rinaldo and loses puck.
4:08 of 1st period - Wrist shot by Ilya Kovalchuk.
4:08 of 1st period - Shot Misses the Net.
4:20 of 1st period - Adam Pineault is hit by Michael Frolik and loses puck.
4:42 of 1st period - Jared Cowen is hit by Fedor Tyutin and loses puck.
5:55 of 1st period - Mike Fisher is hit by Brandon Bollig.
6:11 of 1st period - Adam Pineault is hit by Zack Kassian and loses puck.
6:30 of 1st period - Jay Bouwmeester is hit by Michael Frolik and loses puck.
6:45 of 1st period - Snap shot by David Legwand.
6:45 of 1st period - Deflect By R.J. Umberger.
6:45 of 1st period - Stopped by Robin Lehner with a rebound.
7:15 of 1st period - Zac Rinaldo is hit by Alex Tanguay and loses puck.
7:26 of 1st period - Michael Kostka is hit by Dustin Byfuglien and loses puck.
7:44 of 1st period - Minor Penalty to Ilya Kovalchuk for Hooking.
7:45 of 1st period - Tim Connolly wins face-off versus David Legwand in Golden Knights zone.
9:10 of 1st period - Off-side.
9:11 of 1st period - David Legwand wins face-off versus Andrei Loktionov in neutral zone.
9:44 of 1st period - Penalty to Ilya Kovalchuk is over, Ilya Kovalchuk is back on ice.
9:44 of 1st period - Patrice Cormier is hit by Maxim Talbot and loses puck.
9:59 of 1st period - Snap shot by Zac Rinaldo.
9:59 of 1st period - Stopped by Robin Lehner without a rebound.
10:00 of 1st period - Vincent Lecavalier wins face-off versus Mike Fisher in Golden Knights zone.
10:05 of 1st period - Slapshot by Zach Bogosian.
10:05 of 1st period - Shot Misses the Net.
10:25 of 1st period - Jay Bouwmeester is hit by Chris Higgins and loses puck.
10:44 of 1st period - Minor Penalty to Evander Kane for Goalie Interference.
10:45 of 1st period - Paul Gaustad wins face-off versus Andrei Loktionov in Nordiques zone.
12:09 of 1st period - Vladimir Mihalik is hit by David Legwand and loses puck.
12:44 of 1st period - Penalty to Evander Kane is over, Evander Kane is back on ice.
12:57 of 1st period - Vladimir Tarasenko is hit by Brandon Bollig and loses puck.
13:20 of 1st period - Minor Penalty to Chris Higgins for Interference.
13:21 of 1st period - Ilya Kovalchuk wins face-off versus David Legwand in Golden Knights zone.
13:31 of 1st period - Zach Bogosian is hit by Jay Bouwmeester and loses puck.
13:58 of 1st period - Patrice Cormier is hit by Maxim Talbot and loses puck.
14:21 of 1st period - Slapshot by Fedor Tyutin.
14:21 of 1st period - Shot Blocked by Mathew Dumba.
14:23 of 1st period - Snap shot by David Legwand.
14:23 of 1st period - Stopped by Robin Lehner without a rebound.
14:24 of 1st period - Patrice Cormier wins face-off versus David Legwand in Golden Knights zone.
14:54 of 1st period - Jakub Kindl is hit by R.J. Umberger and loses puck.
15:17 of 1st period - Mathew Dumba is hit by Jiri Hudler and loses puck.
15:20 of 1st period - Penalty to Chris Higgins is over, Chris Higgins is back on ice.
15:35 of 1st period - Snap shot by Damien Brunner.
15:35 of 1st period - Stopped by Jonathan Quick without a rebound.
15:36 of 1st period - Mike Fisher wins face-off versus Patrice Cormier in Nordiques zone.
15:45 of 1st period - Fedor Tyutin is hit by Michael Frolik and loses puck.
15:52 of 1st period - Wrist shot by Patrice Cormier.
15:52 of 1st period - Shot Misses the Net.
16:04 of 1st period - Slapshot by Zach Bogosian.
16:04 of 1st period - Shot Blocked by Trevor Daley.
16:10 of 1st period - Snap shot by Vincent Lecavalier.
16:10 of 1st period - Stopped by Jonathan Quick with a rebound.
16:12 of 1st period - Snap shot by Brandon Bollig.
16:12 of 1st period - Shot Misses the Net.
16:14 of 1st period - Snap shot by Scottie Upshall.
16:14 of 1st period - Stopped by Jonathan Quick with a rebound.
16:25 of 1st period - Off-side.
16:26 of 1st period - David Legwand wins face-off versus Tim Connolly in neutral zone.
16:43 of 1st period - Wrist shot by Tim Connolly.
16:43 of 1st period - Deflect By Alex Tanguay.
16:43 of 1st period - Shot Misses the Net.
16:43 of 1st period - Puck is out of play.
16:44 of 1st period - Maxim Talbot wins face-off versus Andrei Loktionov in Nordiques zone.
16:44 of 1st period - Maxim Talbot is hit by Zack Kassian.
16:54 of 1st period - Snap shot by Evander Kane.
16:54 of 1st period - Goal by Evander Kane - Nordiques : 1 - Golden Knights : 0.
16:55 of 1st period - Andrei Loktionov wins face-off versus Maxim Talbot in neutral zone.
17:07 of 1st period - Wrist shot by Vladimir Tarasenko.
17:07 of 1st period - Shot Misses the Net.
17:09 of 1st period - Slapshot by Jay Bouwmeester.
17:09 of 1st period - Shot Blocked by Zach Bogosian.
17:11 of 1st period - Wrist shot by Maxim Talbot.
17:11 of 1st period - Shot Misses the Net.
18:35 of 1st period - David Legwand is hit by Andrei Loktionov and loses puck.
18:36 of 1st period - David Legwand from Nordiques is injured at 18:36 of 1st period (Sprained Left Finger).
18:37 of 1st period - Patrice Cormier wins face-off versus Maxim Talbot in Nordiques zone.
18:40 of 1st period - Wrist shot by Michael Frolik.
18:40 of 1st period - Stopped by Jonathan Quick without a rebound.
18:41 of 1st period - Maxim Talbot wins face-off versus Patrice Cormier in Nordiques zone.
18:58 of 1st period - Slapshot by Chris Higgins.
18:58 of 1st period - Stopped by Jonathan Quick with a rebound.
19:08 of 1st period - Jakub Kindl is hit by R.J. Umberger.
19:38 of 1st period - Snap shot by Tim Connolly.
19:38 of 1st period - Stopped by Jonathan Quick with a rebound.
19:44 of 1st period - Paul Gaustad is hit by Tim Connolly and loses puck.
19:55 of 1st period - Slapshot by Jared Cowen.
19:55 of 1st period - Shot Misses the Net.
Goals for this period are 1 for Nordiques vs 0 for Golden Knights.
Shots for this period are 4 for Nordiques vs 6 for Golden Knights.
2nd period
0:01 of 2nd period - Patrice Cormier wins face-off versus Evander Kane in neutral zone.
0:16 of 2nd period - Wrist shot by Evander Kane.
0:16 of 2nd period - Shot Misses the Net.
0:22 of 2nd period - Jakub Kindl is hit by Maxim Talbot and loses puck.
0:29 of 2nd period - Slapshot by Michael Frolik.
0:29 of 2nd period - Shot Blocked by Ryan Ellis.
1:03 of 2nd period - Minor Penalty to Evander Kane for Holding.
1:04 of 2nd period - Andrei Loktionov wins face-off versus Paul Gaustad in Nordiques zone.
1:04 of 2nd period - Snap shot by Zack Kassian.
1:04 of 2nd period - Shot Blocked by Trevor Daley.
1:16 of 2nd period - Wrist shot by R.J. Umberger.
1:16 of 2nd period - Shot Blocked by Ilya Kovalchuk.
1:18 of 2nd period - Slapshot by Trevor Daley.
1:18 of 2nd period - Deflect By R.J. Umberger.
1:18 of 2nd period - Shot Misses the Net.
1:18 of 2nd period - Puck is out of play.
1:19 of 2nd period - Andrei Loktionov wins face-off versus Paul Gaustad in Golden Knights zone.
1:24 of 2nd period - Wrist shot by R.J. Umberger.
1:24 of 2nd period - Stopped by Robin Lehner without a rebound.
1:25 of 2nd period - Paul Gaustad wins face-off versus Andrei Loktionov in Golden Knights zone.
2:07 of 2nd period - Icing by Vladimir Mihalik.
2:08 of 2nd period - Andrei Loktionov wins face-off versus Paul Gaustad in Golden Knights zone.
2:27 of 2nd period - Slapshot by Zach Bogosian.
2:27 of 2nd period - Deflect By Michael Frolik.
2:27 of 2nd period - Stopped by Jonathan Quick with a rebound.
2:29 of 2nd period - Slapshot by Michael Frolik.
2:29 of 2nd period - Stopped by Jonathan Quick without a rebound.
2:30 of 2nd period - Mike Fisher wins face-off versus Tim Connolly in Nordiques zone.
2:57 of 2nd period - Zack Kassian is hit by Paul Gaustad.
3:01 of 2nd period - Slapshot by Michael Kostka.
3:01 of 2nd period - Goal by Michael Kostka - Nordiques : 1 - Golden Knights : 1.
3:02 of 2nd period - Andrei Loktionov wins face-off versus Maxim Talbot in neutral zone.
3:05 of 2nd period - Slapshot by Jared Cowen.
3:05 of 2nd period - Stopped by Jonathan Quick with a rebound.
3:07 of 2nd period - Snap shot by Ilya Kovalchuk.
3:07 of 2nd period - Shot Misses the Net.
3:17 of 2nd period - Snap shot by Zack Kassian.
3:17 of 2nd period - Stopped by Jonathan Quick without a rebound.
3:18 of 2nd period - Tim Connolly wins face-off versus Mike Brown in Nordiques zone.
3:31 of 2nd period - Mathew Dumba is hit by Jiri Hudler and loses puck.
4:16 of 2nd period - Slapshot by Chris Higgins.
4:16 of 2nd period - Stopped by Jonathan Quick without a rebound.
4:17 of 2nd period - Patrice Cormier wins face-off versus Mike Brown in Nordiques zone.
4:18 of 2nd period - Snap shot by Michael Frolik.
4:18 of 2nd period - Stopped by Jonathan Quick with a rebound.
4:24 of 2nd period - Snap shot by Jiri Hudler.
4:24 of 2nd period - Stopped by Robin Lehner with a rebound.
4:26 of 2nd period - Wrist shot by R.J. Umberger.
4:26 of 2nd period - Goal by R.J. Umberger - Nordiques : 2 - Golden Knights : 1.
4:27 of 2nd period - Andrei Loktionov wins face-off versus Maxim Talbot in neutral zone.
4:32 of 2nd period - Wrist shot by Ilya Kovalchuk.
4:32 of 2nd period - Shot Blocked by Ryan Ellis.
4:42 of 2nd period - Wrist shot by Evander Kane.
4:42 of 2nd period - Shot Hit the Post.
4:54 of 2nd period - Slapshot by R.J. Umberger.
4:54 of 2nd period - Stopped by Robin Lehner with a rebound.
5:02 of 2nd period - Snap shot by R.J. Umberger.
5:02 of 2nd period - Stopped by Robin Lehner without a rebound.
5:03 of 2nd period - Patrice Cormier wins face-off versus Mike Brown in Golden Knights zone.
5:38 of 2nd period - Off-side.
5:39 of 2nd period - Andrei Loktionov wins face-off versus Vladimir Tarasenko in neutral zone.
6:26 of 2nd period - Snap shot by Paul Gaustad.
6:26 of 2nd period - Shot Blocked by Chris Higgins.
6:28 of 2nd period - Slapshot by Cody McLeod.
6:28 of 2nd period - Stopped by Robin Lehner without a rebound.
6:29 of 2nd period - Maxim Talbot wins face-off versus Patrice Cormier in Golden Knights zone.
6:30 of 2nd period - Wrist shot by Evander Kane.
6:30 of 2nd period - Shot Misses the Net.
6:38 of 2nd period - Slapshot by Vladimir Tarasenko.
6:38 of 2nd period - Deflect By Maxim Talbot.
6:38 of 2nd period - Stopped by Robin Lehner with a rebound.
7:06 of 2nd period - Snap shot by Zach Bogosian.
7:06 of 2nd period - Shot Misses the Net.
7:24 of 2nd period - Wrist shot by Chris Higgins.
7:24 of 2nd period - Shot Misses the Net.
7:26 of 2nd period - Backhand shot by Mathew Dumba.
7:26 of 2nd period - Goal by Mathew Dumba - Nordiques : 2 - Golden Knights : 2.
7:27 of 2nd period - Vladimir Tarasenko wins face-off versus Damien Brunner in neutral zone.
7:34 of 2nd period - Snap shot by Evander Kane.
7:34 of 2nd period - Stopped by Robin Lehner with a rebound.
7:42 of 2nd period - Slapshot by Ryan Ellis.
7:42 of 2nd period - Shot Misses the Net.
8:16 of 2nd period - Wrist shot by Vincent Lecavalier.
8:16 of 2nd period - Shot Misses the Net.
8:18 of 2nd period - Wrist shot by Brandon Bollig.
8:18 of 2nd period - Shot Hit the Post.
8:20 of 2nd period - Wrist shot by Brandon Bollig.
8:20 of 2nd period - Stopped by Jonathan Quick with a rebound.
8:22 of 2nd period - Wrist shot by Scottie Upshall.
8:22 of 2nd period - Deflect By Vincent Lecavalier.
8:22 of 2nd period - Stopped by Jonathan Quick without a rebound.
8:23 of 2nd period - Vladimir Tarasenko wins face-off versus Tim Connolly in Nordiques zone.
8:32 of 2nd period - Snap shot by Vladimir Tarasenko.
8:32 of 2nd period - Shot Misses the Net.
8:59 of 2nd period - Slapshot by R.J. Umberger.
8:59 of 2nd period - Stopped by Robin Lehner with a rebound.
9:01 of 2nd period - Wrist shot by R.J. Umberger.
9:01 of 2nd period - Goal by R.J. Umberger - Nordiques : 3 - Golden Knights : 2.
9:02 of 2nd period - Maxim Talbot wins face-off versus Andrei Loktionov in neutral zone.
9:09 of 2nd period - Andrei Loktionov is hit by Jay Bouwmeester and loses puck.
9:16 of 2nd period - Wrist shot by Evander Kane.
9:16 of 2nd period - Stopped by Robin Lehner without a rebound.
9:17 of 2nd period - Mike Brown wins face-off versus Tim Connolly in Golden Knights zone.
9:18 of 2nd period - Wrist shot by R.J. Umberger.
9:18 of 2nd period - Stopped by Robin Lehner with a rebound.
9:32 of 2nd period - Snap shot by Alex Tanguay.
9:32 of 2nd period - Shot Blocked by Ryan Ellis.
10:20 of 2nd period - Wrist shot by Scottie Upshall.
10:20 of 2nd period - Stopped by Jonathan Quick with a rebound.
10:30 of 2nd period - Jay Bouwmeester is hit by Tim Connolly and loses puck.
10:59 of 2nd period - Backhand shot by Chris Higgins.
10:59 of 2nd period - Shot Misses the Net.
11:15 of 2nd period - Slapshot by Evander Kane.
11:15 of 2nd period - Stopped by Robin Lehner with a rebound.
12:07 of 2nd period - Snap shot by Vincent Lecavalier.
12:07 of 2nd period - Stopped by Jonathan Quick without a rebound.
12:08 of 2nd period - Vincent Lecavalier wins face-off versus Maxim Talbot in Nordiques zone.
12:33 of 2nd period - Slapshot by Zach Bogosian.
12:33 of 2nd period - Deflect By Brandon Bollig.
12:33 of 2nd period - Deflect By Jay Bouwmeester.
12:33 of 2nd period - Shot Misses the Net.
12:33 of 2nd period - Puck is out of play.
12:34 of 2nd period - Andrei Loktionov wins face-off versus Maxim Talbot in Nordiques zone.
12:56 of 2nd period - Andrei Loktionov is hit by Maxim Talbot and loses puck.
13:11 of 2nd period - Maxim Talbot is hit by Mathew Dumba.
13:19 of 2nd period - Slapshot by Fedor Tyutin.
13:19 of 2nd period - Stopped by Robin Lehner with a rebound.
14:10 of 2nd period - Wrist shot by Zack Kassian.
14:10 of 2nd period - Stopped by Jonathan Quick without a rebound.
14:11 of 2nd period - Patrice Cormier wins face-off versus Mike Fisher in Nordiques zone.
14:22 of 2nd period - Snap shot by Chris Higgins.
14:22 of 2nd period - Shot Misses the Net.
14:45 of 2nd period - Snap shot by Ryan Ellis.
14:45 of 2nd period - Shot Misses the Net.
14:47 of 2nd period - Wrist shot by Jiri Hudler.
14:47 of 2nd period - Nordiques goal is going for a video replay.
14:47 of 2nd period - The goal is good.
14:47 of 2nd period - Goal by Jiri Hudler - Nordiques : 4 - Golden Knights : 2.
14:47 of 2nd period - Matt Hackett enters game.
14:48 of 2nd period - Mike Fisher wins face-off versus Michael Frolik in neutral zone.
14:53 of 2nd period - Wrist shot by Ryan Ellis.
14:53 of 2nd period - Shot Blocked by Patrice Cormier.
14:59 of 2nd period - Wrist shot by Mike Brown.
14:59 of 2nd period - Stopped by Matt Hackett with a rebound.
15:01 of 2nd period - Slapshot by Mike Brown.
15:01 of 2nd period - Shot Misses the Net.
15:13 of 2nd period - Chris Higgins is hit by R.J. Umberger and loses puck.
17:05 of 2nd period - Andrei Loktionov is hit by Mike Brown and loses puck.
17:14 of 2nd period - Minor Penalty to Zack Kassian for Holding.
17:15 of 2nd period - Ilya Kovalchuk wins face-off versus Mike Brown in Golden Knights zone.
17:15 of 2nd period - Ilya Kovalchuk is hit by Mike Brown.
17:29 of 2nd period - Off-side.
17:30 of 2nd period - Ilya Kovalchuk wins face-off versus Mike Brown in neutral zone.
17:32 of 2nd period - Off-side.
17:33 of 2nd period - Ilya Kovalchuk wins face-off versus Mike Brown in neutral zone.
17:41 of 2nd period - Icing by Ryan Ellis.
17:42 of 2nd period - Ilya Kovalchuk wins face-off versus Mike Brown in Nordiques zone.
17:59 of 2nd period - Wrist shot by Vladimir Tarasenko.
17:59 of 2nd period - Shot Misses the Net.
18:01 of 2nd period - Wrist shot by Vladimir Tarasenko.
18:01 of 2nd period - Shot Misses the Net.
18:13 of 2nd period - Slapshot by Evander Kane.
18:13 of 2nd period - Stopped by Matt Hackett with a rebound.
18:15 of 2nd period - Slapshot by Mike Brown.
18:15 of 2nd period - Shot Blocked by Jakub Kindl.
18:19 of 2nd period - Snap shot by Vladimir Tarasenko.
18:19 of 2nd period - Stopped by Matt Hackett with a rebound.
18:21 of 2nd period - Wrist shot by Evander Kane.
18:21 of 2nd period - Shot Blocked by Ilya Kovalchuk.
18:35 of 2nd period - Snap shot by Vladimir Tarasenko.
18:35 of 2nd period - Deflect By Evander Kane.
18:35 of 2nd period - Stopped by Matt Hackett with a rebound.
19:01 of 2nd period - Wrist shot by Vladimir Tarasenko.
19:01 of 2nd period - Deflect By Mike Brown.
19:01 of 2nd period - Shot Misses the Net.
19:01 of 2nd period - Puck is out of play.
19:02 of 2nd period - Maxim Talbot wins face-off versus Tim Connolly in Golden Knights zone.
19:03 of 2nd period - Wrist shot by Jiri Hudler.
19:03 of 2nd period - Shot Misses the Net.
19:14 of 2nd period - Penalty to Zack Kassian is over, Zack Kassian is back on ice.
19:23 of 2nd period - Minor Penalty to Chris Higgins for Hooking.
19:24 of 2nd period - Maxim Talbot wins face-off versus Ilya Kovalchuk in Golden Knights zone.
Goals for this period are 3 for Nordiques vs 2 for Golden Knights.
Shots for this period are 19 for Nordiques vs 13 for Golden Knights.
3rd period
0:01 of 3rd period - Vladimir Tarasenko wins face-off versus Ilya Kovalchuk in neutral zone.
0:29 of 3rd period - Snap shot by Ilya Kovalchuk.
0:29 of 3rd period - Stopped by Jonathan Quick with a rebound.
1:23 of 3rd period - Penalty to Chris Higgins is over, Chris Higgins is back on ice.
1:32 of 3rd period - Mathew Dumba is hit by Jay Bouwmeester and loses puck.
1:57 of 3rd period - Mike Fisher is hit by Patrice Cormier and loses puck.
2:20 of 3rd period - Adam Pineault is hit by Damien Brunner and loses puck.
2:35 of 3rd period - Jay Bouwmeester is hit by Andrei Loktionov and loses puck.
2:55 of 3rd period - Slapshot by Ryan Ellis.
2:55 of 3rd period - Stopped by Matt Hackett without a rebound.
2:56 of 3rd period - Patrice Cormier wins face-off versus Mike Fisher in Golden Knights zone.
3:07 of 3rd period - Fedor Tyutin is hit by Patrice Cormier and loses puck.
3:22 of 3rd period - Damien Brunner is hit by R.J. Umberger and loses puck.
3:50 of 3rd period - Michael Kostka is hit by Maxim Talbot and loses puck.
4:43 of 3rd period - Fedor Tyutin is hit by Damien Brunner.
6:07 of 3rd period - Wrist shot by Adam Pineault.
6:07 of 3rd period - Goal by Adam Pineault - Nordiques : 5 - Golden Knights : 2.
6:08 of 3rd period - Maxim Talbot wins face-off versus Patrice Cormier in neutral zone.
6:17 of 3rd period - Wrist shot by Evander Kane.
6:17 of 3rd period - Stopped by Matt Hackett with a rebound.
6:23 of 3rd period - Snap shot by Evander Kane.
6:23 of 3rd period - Stopped by Matt Hackett without a rebound.
6:24 of 3rd period - Tim Connolly wins face-off versus Mike Brown in Golden Knights zone.
6:37 of 3rd period - Snap shot by Alex Tanguay.
6:37 of 3rd period - Shot Blocked by Mike Brown.
6:39 of 3rd period - Slapshot by Tim Connolly.
6:39 of 3rd period - Shot Misses the Net.
6:41 of 3rd period - Snap shot by Alex Tanguay.
6:41 of 3rd period - Stopped by Jonathan Quick with a rebound.
6:48 of 3rd period - Icing by Ryan Ellis.
6:49 of 3rd period - Mike Brown wins face-off versus Patrice Cormier in Nordiques zone.
7:02 of 3rd period - Wrist shot by Evander Kane.
7:02 of 3rd period - Shot Misses the Net.
7:38 of 3rd period - Slapshot by Michael Kostka.
7:38 of 3rd period - Stopped by Jonathan Quick without a rebound.
7:39 of 3rd period - Adam Pineault wins face-off versus Tim Connolly in Nordiques zone.
7:53 of 3rd period - Icing by R.J. Umberger.
7:54 of 3rd period - Adam Pineault wins face-off versus Patrice Cormier in Nordiques zone.
8:12 of 3rd period - Snap shot by Jay Bouwmeester.
8:12 of 3rd period - Deflect By Jiri Hudler.
8:12 of 3rd period - Stopped by Matt Hackett with a rebound.
8:14 of 3rd period - Snap shot by Jiri Hudler.
8:14 of 3rd period - Shot Misses the Net.
8:16 of 3rd period - Wrist shot by Jiri Hudler.
8:16 of 3rd period - Shot Misses the Net.
8:18 of 3rd period - Slapshot by Jiri Hudler.
8:18 of 3rd period - Shot Blocked by Zach Bogosian.
8:20 of 3rd period - Slapshot by Adam Pineault.
8:20 of 3rd period - Shot Blocked by Patrice Cormier.
8:28 of 3rd period - Snap shot by R.J. Umberger.
8:28 of 3rd period - Shot Misses the Net.
8:30 of 3rd period - Wrist shot by Adam Pineault.
8:30 of 3rd period - Shot Blocked by Zach Bogosian.
8:32 of 3rd period - Wrist shot by R.J. Umberger.
8:32 of 3rd period - Deflect By Jiri Hudler.
8:32 of 3rd period - Stopped by Matt Hackett without a rebound.
8:33 of 3rd period - Andrei Loktionov wins face-off versus Maxim Talbot in Golden Knights zone.
8:46 of 3rd period - Snap shot by Ilya Kovalchuk.
8:46 of 3rd period - Stopped by Jonathan Quick without a rebound.
8:47 of 3rd period - Tim Connolly wins face-off versus Maxim Talbot in Nordiques zone.
8:51 of 3rd period - Icing by Ryan Ellis.
8:52 of 3rd period - Maxim Talbot wins face-off versus Tim Connolly in Nordiques zone.
9:01 of 3rd period - Snap shot by Maxim Talbot.
9:01 of 3rd period - Stopped by Matt Hackett with a rebound.
10:43 of 3rd period - Snap shot by Andrei Loktionov.
10:43 of 3rd period - Stopped by Jonathan Quick without a rebound.
10:44 of 3rd period - Michael Frolik wins face-off versus Maxim Talbot in Nordiques zone.
10:55 of 3rd period - Jakub Kindl is hit by Maxim Talbot and loses puck.
11:10 of 3rd period - Michael Frolik is hit by Mike Fisher and loses puck.
11:33 of 3rd period - Michael Frolik is hit by Adam Pineault and loses puck.
12:16 of 3rd period - Mike Brown is hit by Mathew Dumba and loses puck.
12:41 of 3rd period - Jiri Hudler is hit by Jared Cowen and loses puck.
12:58 of 3rd period - Ryan Ellis is hit by Zack Kassian and loses puck.
13:14 of 3rd period - Trevor Daley is hit by Tim Connolly and loses puck.
13:57 of 3rd period - Ilya Kovalchuk is hit by Mike Fisher.
14:30 of 3rd period - Icing by Evander Kane.
14:31 of 3rd period - Maxim Talbot wins face-off versus Andrei Loktionov in Nordiques zone.
14:36 of 3rd period - Snap shot by Maxim Talbot.
14:36 of 3rd period - Shot Blocked by Ilya Kovalchuk.
14:38 of 3rd period - Slapshot by Jay Bouwmeester.
14:38 of 3rd period - Deflect By Zack Kassian.
14:38 of 3rd period - Stopped by Matt Hackett with a rebound.
14:40 of 3rd period - Snap shot by Vladimir Tarasenko.
14:40 of 3rd period - Shot Misses the Net.
14:50 of 3rd period - Vladimir Mihalik is hit by Mike Fisher and loses puck.
15:29 of 3rd period - Slapshot by Ilya Kovalchuk.
15:29 of 3rd period - Deflect By Zack Kassian.
15:29 of 3rd period - Shot Blocked by Evander Kane.
15:29 of 3rd period - Puck is out of play.
15:30 of 3rd period - Mike Brown wins face-off versus Andrei Loktionov in Nordiques zone.
16:05 of 3rd period - Slapshot by Ryan Ellis.
16:05 of 3rd period - Stopped by Matt Hackett with a rebound.
16:11 of 3rd period - Snap shot by Paul Gaustad.
16:11 of 3rd period - Stopped by Matt Hackett with a rebound.
16:13 of 3rd period - Snap shot by Cody McLeod.
16:13 of 3rd period - Stopped by Matt Hackett with a rebound.
16:15 of 3rd period - Slapshot by Ryan Ellis.
16:15 of 3rd period - Shot Misses the Net.
16:25 of 3rd period - Wrist shot by Evander Kane.
16:25 of 3rd period - Shot Misses the Net.
16:27 of 3rd period - Wrist shot by Evander Kane.
16:27 of 3rd period - Shot Blocked by Ilya Kovalchuk.
16:29 of 3rd period - Wrist shot by Evander Kane.
16:29 of 3rd period - Shot Blocked by Andrei Loktionov.
16:31 of 3rd period - Snap shot by Vladimir Tarasenko.
16:31 of 3rd period - Stopped by Matt Hackett without a rebound.
16:32 of 3rd period - Patrice Cormier wins face-off versus Maxim Talbot in Golden Knights zone.
16:32 of 3rd period - Patrice Cormier is hit by Ryan Ellis.
16:38 of 3rd period - Wrist shot by Evander Kane.
16:38 of 3rd period - Shot Misses the Net.
16:40 of 3rd period - Slapshot by Vladimir Tarasenko.
16:40 of 3rd period - Stopped by Matt Hackett without a rebound.
16:41 of 3rd period - Chris Higgins wins face-off versus Maxim Talbot in Golden Knights zone.
16:50 of 3rd period - Snap shot by Chris Higgins.
16:50 of 3rd period - Shot Misses the Net.
16:52 of 3rd period - Minor Penalty to Maxim Talbot for Hooking.
16:53 of 3rd period - Andrei Loktionov wins face-off versus Paul Gaustad in Nordiques zone.
16:56 of 3rd period - Snap shot by Andrei Loktionov.
16:56 of 3rd period - Shot Misses the Net.
16:58 of 3rd period - Snap shot by Michael Frolik.
16:58 of 3rd period - Deflect By Alex Tanguay.
16:58 of 3rd period - Shot Misses the Net.
16:58 of 3rd period - Puck is out of play.
16:59 of 3rd period - Paul Gaustad wins face-off versus Andrei Loktionov in Nordiques zone.
17:42 of 3rd period - Slapshot by Andrei Loktionov.
17:42 of 3rd period - Shot Misses the Net.
18:52 of 3rd period - Penalty to Maxim Talbot is over, Maxim Talbot is back on ice.
18:54 of 3rd period - Tim Connolly is hit by Paul Gaustad and loses puck.
19:24 of 3rd period - R.J. Umberger is hit by Michael Frolik and loses puck.
Goals for this period are 1 for Nordiques vs 0 for Golden Knights.
Shots for this period are 13 for Nordiques vs 5 for Golden Knights.
Back to the Top